 Dungeon Crawl Stone Soup version 0.18.1-50-g88ac8fd (webtiles) character file.

1693 GFox the Shield-Bearer (level 8, 0/73 HPs)
             Began as a Minotaur Fighter on Sept 20, 2016.
             Was a Follower of Okawaru.
             Slain by an ogre
             ... wielding a +0 giant club
              (21 damage)
             ... on level 6 of the Dungeon on Sept 21, 2016.
             The game lasted 00:31:38 (4582 turns).

GFox the Shield-Bearer (Minotaur Fighter)           Turns: 4582, Time: 00:31:39

Health: 0/73       AC:  7    Str: 24    XL:     8   Next: 72%
Magic:  7/7        EV: 12    Int:  5    God:    Okawaru [*.....]
Gold:   225        SH: 12    Dex: 12    Spells: 0 memorised, 7 levels left

rFire  . . .     SeeInvis .     v - +8 mace "Dutiomp" {crush, rC++ rN++}
rCold  + + .     Gourm    .     b - +0 scale mail
rNeg   + + .     Faith    .     c - +1 shield
rPois  .         Spirit   .     (helmet restricted)
rElec  .         Dismiss  +     (no cloak)
rCorr  .         Reflect  .     (no gloves)
SustAt .         Harm     .     (no boots)
MR     .....                    n - amulet of dismissal
Stlth  ..........               o - +2 ring of evasion
                                e - +3 ring of dexterity

@: glowing, not resistant to hostile enchantments, extremely unstealthy
A: retaliatory headbutt, horns 2
a: Heroism, Renounce Religion


You were on level 6 of the Dungeon.
You worshipped Okawaru.
Okawaru was aware of your devotion.
You were hungry.

You visited 2 branches of the dungeon, and saw 7 of its levels.

You collected 225 gold pieces.

Inventory:

Hand Weapons
 a - a +0 war axe
 v - the +8 mace "Dutiomp" (weapon) {crush, rC++ rN++}
   (You found it on level 4 of the Dungeon)

   It inflicts extra damage upon your enemies.
   It greatly protects you from cold.
   It greatly protects you from negative energy.
Armour
 b - a +0 scale mail (worn)
 c - a +1 shield (worn)
Jewellery
 e - a +3 ring of dexterity (left hand)
 h - an uncursed ring of ice
 n - an amulet of dismissal (around neck)
 o - a +2 ring of evasion (right hand)
 x - a +3 ring of slaying {unknown}
Scrolls
 p - 2 scrolls of identify
 q - 4 scrolls of remove curse
 r - a scroll of magic mapping
 y - a scroll of fog
 A - a scroll of blinking {unknown}
Potions
 d - 3 potions of might
 i - 2 potions of cure mutation {unknown}
 j - 3 potions of curing {unknown}
 k - 2 potions of heal wounds {unknown}
 l - a potion of agility {unknown}
 s - 2 potions of mutation {unknown}
 t - a potion of flight {unknown}
 u - a potion of brilliance {unknown}
 z - a potion of degeneration {unknown}
Books
 w - a Young Poisoner's Handbook

   Spells                             Type                      Level
   a - Sting                          Conjuration/Poison           1
   b - Cure Poison                    Poison                       2
   c - Mephitic Cloud                 Conjuration/Poison/Air       3
   d - Olgreb's Toxic Radiance        Poison                       4
   e - Venom Bolt                     Conjuration/Poison           5
 D - a book of Fire

   Spells                             Type                      Level
   a - Ignite Poison                  Fire/Transmutation/Poison    3
   b - Fireball                       Conjuration/Fire             5
   c - Bolt of Fire                   Conjuration/Fire             6
   d - Delayed Fireball               Conjuration/Fire             7
   e - Ring of Flames                 Charms/Fire                  7
Comestibles
 f - 5 bread rations
 g - a meat ration
 m - 2 beef jerkies
 B - 10 chunks of flesh


   Skills:
 * Level 7.2 Fighting
 - Level 5.0(5.5) Axes
 * Level 3.3(4.6) Maces & Flails
 * Level 7.2 Armour
 - Level 3.3 Dodging
 - Level 0.6 Stealth
 * Level 7.9 Shields


You had 7 spell levels left.
You didn't know any spells.

Dungeon Overview and Level Annotations

Branches:
Dungeon (6/15)             Temple (1/1) D:5

Altars:
Ashenzari
Cheibriados
Dithmenos
Elyvilon
Fedhas
Gozag
Kikubaaqudgha
Makhleb
Nemelex Xobeh
Okawaru
Pakellas
Qazlal
Ru
Sif Muna
Trog
Vehumet
Xom
Yredelemnul
Zin
The Shining One


Innate Abilities, Weirdness & Mutations

You reflexively headbutt those who attack you in melee.
You have a pair of horns on your head.


Message History

The gnoll is almost dead.
You block the gnoll's attack. The gnoll hits you but does no damage.
You thump the gnoll!
You kill the gnoll!
Okawaru accepts your kill. The giant frog hits you.
The gnoll closely misses you. The gnoll closely misses you.
You block the giant frog's attack.
Things that are here:
a club; a leather armour You thump the gnoll!
You headbutt the gnoll.
You kill the gnoll!
Okawaru accepts your kill. The giant frog closely misses you.
The giant frog misses you. The giant frog hits you.
You block the ogre's attack.
You sock the ogre! You headbutt the ogre!
The ogre is severely wounded.
You block the giant frog's attack. The giant frog hits you.
* * * LOW HITPOINT WARNING * * *
The ogre hits you with a giant club!!
You die...

#...# #...##### #........
.... #........ .....
##........ ..>....
##......... .......
##.)........
.......##.))@.......
.......#.$)F.O.../....
..............>......##
.......................
........................
.......................
#..............#.......
#...<..............###..
###......................#


You could see an ogre and a giant frog.

Vanquished Creatures
  Grinder (D:3)
  Sigmund (D:3)
  Menkaure (D:4)
  A sky beast (D:6)
  A black bear (D:4)
  2 ogres
  A giant frog (D:6)
  3 scorpions (D:4)
  A howler monkey (D:5)
  A hound (D:4)
  6 orc wizards
  A jelly (D:3)
  A gnoll shaman (D:6)
  3 orc priests
  An iguana (D:5)
  2 worker ants
  8 gnolls (D:6)
  5 adders
  An adder skeleton (D:5)
  3 worms
  2 dart slugs
  A giant gecko (D:1)
  9 orcs
  5 giant cockroaches
  3 goblins
  9 hobgoblins
  6 jackals
  10 bats
  A giant gecko skeleton (D:4)
  5 giant newts
  A jackal skeleton (D:4)
  7 kobolds
  9 rats
  3 toadstools (D:1)
115 creatures vanquished.

Vanquished Creatures (others)
  4 toadstools (D:1)
4 creatures vanquished.

Grand Total: 119 creatures vanquished

Notes
Turn   | Place    | Note
--------------------------------------------------------------
     0 | D:1      | GFox the Minotaur Fighter began the quest for the Orb.
     0 | D:1      | Reached XP level 1. HP: 19/19 MP: 0/0
   206 | D:1      | Reached XP level 2. HP: 27/27 MP: 1/1
   851 | D:2      | Reached XP level 3. HP: 27/33 MP: 2/2
   879 | D:2      | Reached skill level 1 in Dodging
  1009 | D:2      | Reached XP level 4. HP: 28/40 MP: 3/3
  1865 | D:3      | Reached skill level 5 in Shields
  2134 | D:3      | Noticed Sigmund
  2163 | D:3      | Killed Sigmund
  2163 | D:3      | Reached XP level 5. HP: 38/47 MP: 4/4
  2163 | D:3      | Reached XP level 6. HP: 42/53 MP: 5/5
  2251 | D:3      | Noticed Grinder
  2272 | D:3      | Paralysed by Grinder for 7 turns
  2307 | D:3      | Paralysed by Grinder for 2 turns
  2311 | D:3      | Killed Grinder
  2311 | D:3      | Reached skill level 5 in Armour
  2311 | D:3      | Reached XP level 7. HP: 30/60 MP: 6/6
  2678 | D:3      | Reached skill level 5 in Fighting
  3003 | D:4      | Noticed Menkaure
  3012 | D:4      | Killed Menkaure
  3263 | D:4      | Got a brightly glowing mace
  3264 | D:4      | Identified the +8 mace "Dutiomp" {crush, rC++ rN++} (You found it on level 4 of the Dungeon)
  3284 | D:4      | Reached skill level 5 in Axes
  3316 | D:4      | Reached XP level 8. HP: 48/70 MP: 7/7
  3330 | D:4      | Reached skill level 1 in Maces & Flails
  3652 | D:5      | Entered Level 5 of the Dungeon
  3685 | D:5      | Found a staircase to the Ecumenical Temple.
  3691 | Temple   | Entered the Ecumenical Temple
  3778 | Temple   | Became a worshipper of Warmaster Okawaru
  4089 | D:5      | Found a shattered altar of Ashenzari.
  4089 | D:5      | Found a sparkling altar of Nemelex Xobeh.
  4123 | D:5      | Found an opulent altar of Gozag.
  4373 | D:6      | Reached * piety under Okawaru
  4582 | D:6      | Slain by an ogre

Skill      XL: |  1  2  3  4  5  6  7  8 |
---------------+-------------------------+-----
Shields        | 4 5 6 7 |  7.9
Fighting       | 4 5 7 |  7.2
Armour         | 4 5 6 7 |  7.2
Dodging        | 1 2 3 |  3.3
Axes           | 3 5 |  5.0
Maces & Flails | 3 |  3.3
Stealth        | |  0.6

Action                   |  1- 3 |  4- 6 |  7- 9 || total
-------------------------+-------+-------+-------++-------
Melee: War axe           |    96 |    83 |    38 ||   217
       Headbutt          |    19 |    17 |    32 ||    68
       Mace              |       |       |    80 ||    80
  Use: Scroll            |     4 |     3 |       ||     7
  Eat: Chunk             |       |     5 |     3 ||     8
       Royal jelly       |       |       |     1 ||     1
       Beef jerky        |       |       |     1 ||     1
Armor: Scale mail        |    30 |     9 |    38 ||    77
       Ring mail         |    13 |     2 |       ||    15
Dodge: Dodged            |    33 |    34 |    77 ||   144
Block: Shield            |    56 |    53 |    85 ||   194
